 Dungeon Crawl Stone Soup version 0.28-a0-1638-g9123634e07 (webtiles) character file.

Game seed: 15928208788558780185

23 HallandMoats the Skirmisher (level 3, -4/31 HPs)
             Began as a Ghoul Fighter on Jan 25, 2022.
             Was a Follower of Dithmenos.
             Slain by Sigmund (5 damage)
             ... on level 2 of the Dungeon.
             The game lasted 00:00:39 (693 turns).

HallandMoats the Skirmisher (Ghoul Fighter)          Turns: 693, Time: 00:00:41

Health: -4/31      AC:  6    Str: 19    XL:     3   Next: 0%
Magic:  2/2        EV:  9    Int:  3    God:    Dithmenos [*.....]
Gold:   29         SH:  0    Dex: 10    Spells: 2/2 levels left

rFire   . . .      SeeInvis .   a - +0 long sword
rCold   + . .      Faith    .   c - +0 buckler
rNeg    + + +      Spirit   .   b - +0 scale mail
rPois   ∞          Reflect  .   (no helmet)
rElec   .          Harm     .   (no cloak)
rCorr   .          Rampage  .   (no gloves)
Will    .....                   (no boots)
Stlth   ..........              (no amulet)
HPRegen 0.00/turn               (no ring)
MPRegen 0.08/turn               (no ring)

@: confused, mighty, inhibited regen, wreathed by umbra
A: claws 1, cold resistance 1, negative energy resistance 3, inhibited
regeneration, torment resistance 2
a: Renounce Religion


You were on level 2 of the Dungeon.
You worshipped Dithmenos.
Dithmenos was aware of your devotion.
You visited 1 branch of the dungeon, and saw 2 of its levels.

You collected 29 gold pieces.

Inventory:

Hand Weapons
 a - a +0 long sword (weapon)
Armour
 b - a +0 scale mail (worn)
 c - a +0 buckler (worn)
Jewellery
 i - a +4 ring of evasion
Scrolls
 e - a scroll of magic mapping {unknown}
 g - a scroll of amnesia {unknown}
Potions
 f - 2 potions of brilliance {unknown}
 h - a potion of curing {unknown}
 j - a potion of lignification {unknown}


   Skills:
 + Level 3.5 Fighting
 * Level 2.1 Long Blades
 + Level 2.9 Armour
 + Level 0.6 Dodging
 + Level 2.9 Shields


You had 2 spell levels left.
You didn't know any spells.
Your spell library contained the following spells:

 Spells                   Type           Power      Damage    Failure   Level
 Summon Small Mammal      Summ           0%         N/A       94%         1
 Call Canine Familiar     Summ           0%         N/A       100%        3
 Summon Guardian Golem    Hex/Summ       0%         N/A       100%        3


Dungeon Overview and Level Annotations

Branches:
Dungeon (2/15)

Altars:
Dithmenos

Shops:
D:2 !

Annotations:
D:2 Sigmund


Innate Abilities, Weirdness & Mutations

You thrive by killing the living.
You are immune to poison.
You have sharp fingernails.
Your flesh is cold resistant. (rC+)
You are immune to negative energy. (rN+++)
You do not regenerate when monsters are visible.
You are immune to unholy pain and torment.


Message History

A goblin comes into view. It is wielding a +0 club.
There are monsters nearby!
There are monsters nearby!
There are monsters nearby!
There are monsters nearby!
The goblin shouts!
You feel very mighty all of a sudden.
An endoplasm comes into view.
The endoplasm quivers.
Sigmund hits you from afar with a +0 scythe.
A kobold comes into view. It is wielding a +0 club.
An endoplasm comes into view.
The endoplasm jiggles.
The endoplasm misses you.
Sigmund gestures wildly while chanting.
Sigmund flickers and vanishes!
Deactivating autopickup; reactivate with Ctrl-A.
You barely miss something. The goblin hits you with a +0 club.
The endoplasm hits you but does no damage.
Something hits you! The goblin hits you with a +0 club.
The endoplasm freezes you.
You are frozen.
You resist.
You closely miss something.
You hear some strange, mumbled words.
You are confused.
The goblin hits you with a +0 club. The endoplasm freezes you.
You are frozen.
You resist.
* * * LOW HITPOINT WARNING * * *
Unknown command.
You're too confused to move!
Something hits you.
* * * LOW HITPOINT WARNING * * *
The goblin closely misses you. The endoplasm closely misses you.
You slash something! The goblin closely misses you.
The kobold barely misses you. The endoplasm freezes you.
You are frozen.
You resist.
* * * LOW HITPOINT WARNING * * *
Something hits you.
You die...

#.#.. ................
...... ..#.....≈.......
.#.#..####.....≈.≈......
..............≈...≈.....
............≈..∩..≈....
.##...........≈...≈.....
...............≈.≈.....#
.##........†....≈...####
......K@J..........##
..##.J{g##.........#####
#...J###.............
................######
...#....####......# .#
...... ........#
................#
#.........#......#
####.###


You could see 3 endoplasms, a goblin and a kobold.

Vanquished Creatures
  3 ball pythons (D:1)
  2 bats (D:1)
  5 endoplasms
  2 giant cockroaches (D:1)
  3 goblins (D:1)
  2 frilled lizards (D:2)
  4 rats (D:1)
21 creatures vanquished.

Notes
Turn   | Place    | Note
-------+----------+-------------------------------------------
     0 | D:1      | HallandMoats the Ghoul Fighter began the quest for the Orb.
     0 | D:1      | Reached XP level 1. HP: 19/19 MP: 0/0
   154 | D:1      | Reached XP level 2. HP: 26/26 MP: 1/1
   427 | D:1      | Found a faded altar of an unknown god.
   582 | D:1      | Prayed at the altar of an unknown god.
   582 | D:1      | Became a worshipper of Dithmenos the Shadowed
   582 | D:1      | Reached * piety under Dithmenos
   656 | D:2      | Found Ticseuci's Distillery.
   684 | D:2      | Reached XP level 3. HP: 31/31 MP: 2/2
   685 | D:2      | Noticed Sigmund
   693 | D:2      | HP: 1/31 [frozen (2)]
   693 | D:2      | Slain by Sigmund

Illustrated notes

Levels and vault maps discovered:
D:1:      mrwooster_arrival_statue, layout_rooms, nicolae_ecumenical_lake_church
D:2:      layout_rooms, serial_glass, glass_columns_a, glass_columns_a,
          glass_columns_a, glass_columns_c, glass_columns_a, glass_columns_a,
          glass_columns_b, glass_columns_b, serial_shops, nicolae_diamond_shop,
          uniq_terence, uniq_crazy_yiuf_cottage, uniq_sigmund

Skill      XL: |  1 |
---------------+----+-----
Long Blades    | 2 |  2.1
Fighting       | |  3.5
Armour         | |  2.9
Dodging        | |  0.6
Shields        | |  2.9

Action                   || total
-------------------------++-------
Melee: Long sword        ||    47
  Use: Potion            ||     1
Armor: Scale mail        ||    19
Dodge: Dodged            ||    31
Block: Buckler           ||     6

Table legend: (Time is in decaauts)
 A = Elapsed time spent in this place.
 B = Non-inter-level travel time spent in this place.
 C = Inter-level travel time spent in this place.
 D = Time resting spent in this place.
 E = Time spent auto-exploring this place.
 F = Levels seen in this place.
 G = Mean time per level.
                   A        B        C        D        E       F      G
               +--------+--------+--------+--------+--------+-----+--------+
         Total |    708 |    645 |     63 |      0 |    514 |   2 |  354.0 |
       Dungeon |    708 |    645 |     63 |      0 |    514 |   2 |  354.0 |
               +--------+--------+--------+--------+--------+-----+--------+

Top non-repeatable levels by time:
     D:1: 658 daAuts
     D:2: 50 daAuts
